 Dungeon Crawl Stone Soup version 0.18.1-48-g4cf74bf (webtiles) character file.

49 tyranidshit the Skirmisher (level 3, 0/31 HPs)
             Began as a Demonspawn Abyssal Knight on Sept 12, 2016.
             Was a Follower of Lugonu.
             Slain by an adder (1 damage)
             ... on level 2 of the Dungeon.
             The game lasted 00:03:17 (1132 turns).

tyranidshit the Skirmisher (DsAK)                   Turns: 1132, Time: 00:03:18

Health: 0/31       AC:  6    Str: 17 (18) XL:     3   Next: 51%
Magic:  13/13      EV: 10    Int: 11 (13) God:    Lugonu [*.....]
Gold:   117        SH:  0    Dex: 10 (12) Spells: 0 memorised, 2 levels left

rFire  . . .     SeeInvis .     f - +0 broad axe
rCold  . . .     Gourm    .     j - +0 ring mail
rNeg   . . .     Faith    .     (no shield)
rPois  .         Spirit   .     (helmet restricted)
rElec  .         Dismiss  .     (no cloak)
rCorr  .         Reflect  .     (no gloves)
SustAt .         Harm     .     (no boots)
MR     .....                    (no amulet)
Stlth  ..........               (no ring)
                                i - ring of magical power

@: mighty, lethally poisoned (0 -> -4), not resistant to hostile enchantments,
extremely unstealthy
A: horns 1, rugged brown scales 1
a: Depart the Abyss, Renounce Religion


You were on level 2 of the Dungeon.
You worshipped Lugonu.
Lugonu was aware of your devotion.
You were not hungry.

You visited 1 branch of the dungeon, and saw 2 of its levels.
You visited the Abyss 1 time.

You collected 117 gold pieces.

Inventory:

Hand Weapons
 a - a +1 hand axe
 f - a +0 broad axe (weapon)
Armour
 b - a +0 leather armour
 j - a +0 ring mail (worn)
Jewellery
 i - a ring of magical power (left hand)
Scrolls
 e - a scroll of teleportation {unknown}
 k - a scroll of identify
Potions
 m - a potion of magic
Comestibles
 c - a bread ration
 d - 2 meat rations
 h - a beef jerky


   Skills:
 + Level 4.6 Fighting
 - Level 1.7 Axes
 - Level 1.7 Armour
 - Level 0.8 Dodging
 - Level 2.4 Invocations


You had 2 spell levels left.
You didn't know any spells.

Dungeon Overview and Level Annotations

Branches:
Dungeon (2/15)

Altars:
Trog


Innate Abilities, Weirdness & Mutations

You have a pair of small horns on your head.
You are partially covered in rugged brown scales (AC +1, +3% HP).


Message History

The bat hits you but does no damage. The adder bites you but does no damage.
The adder closely misses you.
Unknown command.
You barely miss the adder. Your headbutt misses the adder.
You feel sick. The bat barely misses you. The adder barely misses you.
The adder bites you but does no damage. x2
Unknown command.
You slash the adder!
The adder is almost dead.
The bat misses you. The adder bites you.
* * * LOW HITPOINT WARNING * * *
You are lethally poisoned!
The adder poisons you! The adder misses you.
Unknown command.
You closely miss the adder.
The adder is almost dead.
* * * LOW HITPOINT WARNING * * *
You feel sick. The bat barely misses you. The bat hits you but does no damage.
The adder bites you.
You die...

......#.....#.#....#
......#.#...._..##
#.....#.#...#.##<#
#.....#.#......#.#
#.....#.#........#
#.....#.##.......#
#######. #.......# .
#..#+##.# # ##.# #@#
+.....Sb# ###......
#....... #........
#.........
..........#
...>.......#


You could see an adder and a bat.

Vanquished Creatures
  2 adders (D:2)
  2 dart slugs
  A bat (D:1)
  A giant cockroach (D:1)
  2 goblins
  2 hobgoblins (D:1)
  5 jackals
  A kobold (D:2)
  3 giant newts
  9 rats
28 creatures vanquished.

Notes
Turn   | Place    | Note
--------------------------------------------------------------
     0 | Abyss:1  | tyranidshit the Demonspawn Abyssal Knight began the quest for the Orb.
     0 | Abyss:1  | Reached XP level 1. HP: 18/18 MP: 2/2
    27 | Abyss:2  | Found a radiant altar of Vehumet.
    46 | Abyss:2  | Noticed a wraith
    49 | D:1      | Escaped the Abyss
   244 | D:1      | Gained mutation: You are partially covered in rugged brown scales (AC +1, +3% HP). [demonic ancestry]
   244 | D:1      | Reached XP level 2. HP: 3/24 MP: 3/3
   274 | D:1      | Reached * piety under Lugonu
   910 | D:2      | Reached skill level 4 in Fighting
   958 | D:2      | Gained mutation: You have a pair of small horns on your head. [demonic ancestry]
   958 | D:2      | Reached XP level 3. HP: 11/30 MP: 4/4
  1100 | D:2      | Found a bloodstained altar of Trog.
  1132 | D:2      | HP: 1/31 [poisoned by an adder]
  1132 | D:2      | Slain by an adder

Skill      XL: |  1  2 |
---------------+-------+-----
Fighting       | 4 |  4.6
Axes           | |  1.7
Armour         | |  1.7
Dodging        | |  0.8
Invocations    | |  2.4

Action                   || total
-------------------------++-------
Melee: Hand axe          ||    68
       Broad axe         ||    13
       Headbutt          ||     3
Invok: Depart the Abyss  ||     1
  Use: Potion            ||     5
       Scroll            ||     2
  Eat: Bread ration      ||     1
Armor: Leather armour    ||     6
       Ring mail         ||    30
Dodge: Dodged            ||    46
